 Dungeon Crawl Stone Soup version 0.24.1-14-gf8d2b509d9 (webtiles) character file.

Game seed: 16159719948326470809, levelgen mode: deterministic

37 Mrkan the Skirmisher (level 3, 0/40 HPs)
             Began as an Ogre Monk on May 22, 2020.
             Was a Believer of Zin.
             Succumbed to an adder's poison
             ... on level 2 of the Dungeon.
             The game lasted 00:02:04 (1479 turns).

Mrkan the Skirmisher (Ogre Monk)                    Turns: 1479, Time: 00:02:05

Health: 0/40       AC:  3    Str: 16    XL:     3   Next: 41%
Magic:  3/3        EV: 10    Int: 11    God:    Zin [**....]
Gold:   63         SH:  0    Dex: 11    Spells: 2/2 levels left

rFire    . . .     SeeInvis .   a - +0 mace
rCold    . . .     Gourm    .   (no shield)
rNeg     . . .     Faith    .   b - +0 robe
rPois    .         Spirit   .   (helmet restricted)
rElec    .         Reflect  .   (no cloak)
rCorr    .         Harm     .   (gloves unavailable)
MR       .....                  (boots unavailable)
Stlth    ++........             (no amulet)
HPRegen  0.13/turn              (no ring)
MPRegen  0.08/turn              (no ring)

@: lethally poisoned (0 -> -11)
A: large, unfitting armour, tough skin 1
a: Recite, Vitalisation, Donate Gold, Renounce Religion


You were on level 2 of the Dungeon.
You worshipped Zin.
Zin was pleased with you.
You were not hungry.

You visited 1 branch of the dungeon, and saw 2 of its levels.

You collected 70 gold pieces.
You donated 7 gold pieces to Zin.

Inventory:

Hand Weapons
 a - a +0 mace (weapon)
 d - a cursed +0 whip
Missiles
 e - 6 atropa-tipped darts (quivered)
 f - 82 stones
 g - 4 poisoned darts
Armour
 b - a +0 robe (worn)
Scrolls
 h - a scroll of blinking {unknown}
 i - 2 scrolls of identify {unknown}
Comestibles
 c - 2 rations
 j - a chunk of flesh


   Skills:
 + Level 4.6 Fighting
 * Level 3.6 Maces & Flails
 - Level 2.6 Dodging
 - Level 1.4 Stealth
 + Level 0.0 Invocations


You had 2 spell levels left.
You didn't know any spells.
Your spell library was empty.

Dungeon Overview and Level Annotations

Branches:
Dungeon (2/15)

Altars:
Zin


Innate Abilities, Weirdness & Mutations

You are too large for most types of armour.
You have tough skin. (AC +1)


Message History

You closely miss the adder.
The adder is severely wounded.
* * * LOW HITPOINT WARNING * * *
You feel sick. The adder misses you. The adder closely misses you.
You closely miss the adder.
The adder is severely wounded.
* * * LOW HITPOINT WARNING * * *
You feel sick. The adder bites you.
* * * LOW HITPOINT WARNING * * *
The adder barely misses you. x2; The adder bites you.
* * * LOW HITPOINT WARNING * * *
* * * LOW HITPOINT WARNING * * *
You feel sick.
* * * LOW HITPOINT WARNING * * *
You feel sick. The adder closely misses you. x2
* * * LOW HITPOINT WARNING * * *
You feel sick. The adder bites you.
* * * LOW HITPOINT WARNING * * *
There is a stone staircase leading up here.
You die...

#..........# #...<......#
#..........# #(.........#
######## #..........#
.......# ##........##
....... ####..........#
.....###♣♣♣♣.###SS[......#
.....#..♣._.♣♣.#@........#
.........................#
....>....................#
........................##
.##.##..........#..)...##
.##.####.....##.########
.##.# ###.#.##.# .##.#
#...##.# ....# #.###..#


You could see 2 adders.

Vanquished Creatures
  2 dart slugs (D:1)
  A leopard gecko (D:2)
  6 bats
  3 giant cockroaches
  4 goblins
  A hobgoblin (D:1)
  4 jackals (D:1)
  2 frilled lizards (D:1)
  4 kobolds (D:1)
  3 rats
30 creatures vanquished.

Notes
Turn   | Place    | Note
-------+----------+-------------------------------------------
     0 | D:1      | Mrkan the Ogre Monk began the quest for the Orb.
     0 | D:1      | Reached XP level 1. HP: 24/24 MP: 1/1
   229 | D:1      | Reached XP level 2. HP: 30/32 MP: 2/2
   767 | D:1      | Reached XP level 3. HP: 19/40 MP: 3/3
  1445 | D:2      | Found a glowing silver altar of Zin.
  1453 | D:2      | Became a worshipper of Zin the Law-Giver
  1453 | D:2      | Reached * piety under Zin
  1453 | D:2      | Reached ** piety under Zin
  1478 | D:2      | HP: 2/40 [poisoned by an adder]
  1479 | D:2      | Succumbed to an adder's poison

Levels and vault maps discovered:
D:1:      lightli_arrival_windingriver, layout_loops_corners
D:2:      layout_rooms, zin_academy, nicolae_ru_the_path_less_chosen,
          uniq_jessica

Skill      XL: |  1 |
---------------+----+-----
Maces & Flails | 3 |  3.6
Fighting       | |  4.6
Dodging        | |  2.6
Stealth        | |  1.4

Action                   || total
-------------------------++-------
Melee: Mace              ||   116
 Stab: Sleeping          ||     1
  Eat: Chunk             ||     2
Armor: Robe              ||    43
Dodge: Dodged            ||    96
